 Dungeon Crawl Stone Soup version 0.31-a0-187-gba352fbbf7 (webtiles) character file.

Game seed: 2339815752007698203

42 qw the Shooter (level 3, -1/20 HPs)
             Began as a Deep Elf Hunter on June 22, 2023.
             Slain by a jackal (2 damage)
             ... on level 2 of the Dungeon.
             The game lasted 00:00:18 (471 turns).

qw the Shooter (Deep Elf Hunter)                     Turns: 471, Time: 00:00:18

Health: -1/20      AC:  3    Str: 10    XL:     3   Next: 35%
Magic:  5/5        EV: 12    Int: 13    God:
Gold:   56         SH:  0    Dex: 18    Spells: 2/2 levels left

rFire   . . .        Y - +0 shortbow
rCold   . . .        (shield currently unavailable)
rNeg    . . .        c - +0 leather armour
rPois   .            (no helmet)
rElec   .            (no cloak)
rCorr   .            (no gloves)
SInv    .            (no boots)
Will    .....        d - amulet of faith
Stlth   ++           (no ring)
HPRegen 0.23/turn    (no ring)
MPRegen 0.09/turn

%: faith
@: no status effects
A: no striking features
a: no special abilities


You were on level 2 of the Dungeon.
You visited 1 branch of the dungeon, and saw 2 of its levels.

You collected 56 gold pieces.


   Skills:
 - Level 1.5 Fighting
 + Level 6.9 Ranged Weapons
 - Level 2.4 Dodging
 - Level 1.2 Stealth


You had 2 spell levels left.
You didn't know any spells.
Your spell library was empty.

Inventory:

Hand Weapons
 Y - a +0 shortbow (weapon)
Armour
 c - a +0 leather armour (worn)
Jewellery
 d - an amulet of faith (around neck)

Dungeon Overview and Level Annotations

Branches:
Dungeon (2/15)

Altars:


Message History

The hobgoblin hits you. The adder barely misses you.
You shoot an arrow. The arrow misses the adder.
The jackal barks!
The hobgoblin hits you. The adder closely misses you.
The hobgoblin completely misses you.
You shoot an arrow. The arrow misses the adder.
The adder closely misses you. The hobgoblin closely misses you.
The adder bites you.
You are poisoned.
The adder poisons you!
You shoot an arrow. The arrow hits the adder.
You kill the adder!
You feel sick.
A jackal comes into view.
The hobgoblin hits you but does no damage.
You shoot an arrow. The arrow hits the hobgoblin.
The hobgoblin is severely wounded.
You feel sick.
A jackal comes into view.
The hobgoblin hits you. The jackal misses you.
You shoot an arrow.
The arrow completely misses the hobgoblin.
The jackal barks!
You feel sick. The jackal misses you. The hobgoblin closely misses you.
You shoot an arrow. The arrow barely misses the hobgoblin.
You feel sick.
The jackal bites you but does no damage.
The hobgoblin misses you. The jackal closely misses you.
You shoot an arrow. The arrow hits the hobgoblin.
You kill the hobgoblin!
You feel sick. The jackal bites you. The jackal barely misses you.
You shoot an arrow.
The arrow hits the jackal but does no damage.
You feel sick.
You are no longer poisoned.
The jackal barely misses you.
You shoot an arrow. The arrow hits the jackal.
The jackal is heavily wounded.
The jackal bites you. The jackal closely misses you. The jackal bites you.
You die...

... ... #.# #.#
########.# #
#......#.###.###
#......hh!......
#......h@.....%#
#......#.#...##.
.......#.# ..#
#......#.# .#
#......#.# #
#......###
#...... #.)....


You could see 3 jackals.

Vanquished Creatures
  An adder (D:2)
  A dart slug (D:1)
  2 ball pythons
  2 bats (D:1)
  3 endoplasms (D:1)
  2 goblins (D:1)
  2 hobgoblins
  5 jackals
  3 kobolds (D:1)
  A quokka (D:1)
  4 frilled lizards (D:1)
  3 rats (D:1)
29 creatures vanquished.

Notes
Turn   | Place    | Note
-------+----------+-------------------------------------------
     0 | D:1      | qw the Deep Elf Hunter began the quest for the Orb.
     0 | D:1      | Reached XP level 1. HP: 12/12 MP: 3/3
     0 | D:1      | 0 ||| qw: Version: 0.3-a-9-g12657ce
     0 | D:1      | 0 ||| qw: Game counter: 2696
     0 | D:1      | 0 ||| qw: Always use a shield: true
     0 | D:1      | 0 ||| qw: God list: Okawaru
     0 | D:1      | 0 ||| qw: Allow faded altars: false
     0 | D:1      | 0 ||| qw: Do Orc after D:15 true
     0 | D:1      | 0 ||| qw: Do second Lair branch before Depths: true
     0 | D:1      | 0 ||| qw: Lair rune preference: random
     0 | D:1      | 0 ||| qw: Plans: Normal
     0 | D:1      | 0 ||| PLANNING D:1-11
    27 | D:1      | Reached XP level 2. HP: 16/16 MP: 4/4
    36 | D:1      | Reached skill level 6 in Ranged Weapons
   258 | D:1      | Reached XP level 3. HP: 20/20 MP: 5/5
   438 | D:1      | 438 ||| UPGRADING to amulet of faith.
   443 | D:1      | 443 ||| READING scroll labelled KECKANL PYOG.
   446 | D:1      | 446 ||| DROPPING scroll of butterflies.
   467 | D:2      | HP: 5/20 [poisoned by an adder]
   469 | D:2      | HP: 2/20 [jackal (1)]
   471 | D:2      | Slain by a jackal

Levels and vault maps discovered:
D:1:      dpeg_arrival_water_temple_mockup, layout_rooms
D:2:      layout_basic, basic_ecumenical_altar, serial_shops, shop,
          minmay_distorted

Skill      XL: |  1  2 |
---------------+-------+-----
Ranged Weapons | 6 |  6.9
Fighting       | |  1.5
Dodging        | |  2.4
Stealth        | |  1.2

Action                     || total
---------------------------++-------
   Fire: Shortbow          ||    81
    Use: Scroll            ||     1
 Armour: Leather armour    ||    14
  Dodge: Dodged            ||    29

Table legend:
 A = Non-vault XP
 B = Vault XP
 C = Vault XP percentage of total XP
 D = Non-vault monster count
 E = Vault monster count
 F = Vault count percentage of total count
                 A         B        C        D         E       F
            +---------+---------+-------+---------+---------+-------
      Total |      44 |      17 |  27.9 |      26 |       3 |  10.3
            +---------+---------+-------+---------+---------+-------
        D:1 |      42 |       0 |   0.0 |      25 |       0 |   0.0
        D:2 |       2 |      17 |  89.5 |       1 |       3 |  75.0
            +---------+---------+-------+---------+---------+-------
